 Dungeon Crawl Stone Soup version 0.19.0-2-gae57169 (webtiles) character file.

20324 vev the Carver (level 13, -15/95 HPs)
             Began as a Human Necromancer on Nov 6, 2016.
             Was an Elder of Kikubaaqudgha.
             Demolished by a white ugly thing (30 damage)
             ... on level 11 of the Dungeon.
             The game lasted 00:44:46 (15089 turns).

vev the Carver (Human Necromancer)                 Turns: 15089, Time: 00:44:47

Health: -15/95     AC: 10    Str: 17    XL:     13   Next: 11%
Magic:  0/18       EV: 15    Int: 15    God:    Kikubaaqudgha [****..]
Gold:   685        SH:  7    Dex: 13    Spells: 4 memorised, 8 levels left

rFire  . . .     SeeInvis .     a - +4 scimitar (flame)
rCold  . . .     Gourm    .     h - +0 steam dragon scales
rNeg   . . .     Faith    .     B - +2 buckler
rPois  .         Spirit   +     (no helmet)
rElec  .         Reflect  .     R - +0 cloak
rCorr  +         Harm     .     (no gloves)
MR     .....                    A - +0 pair of boots
Stlth  ++........               e - amulet of guardian spirit
                                (no ring)
                                S - ring of resist corrosion

@: no status effects
A: molten scales 1, blurry vision 1, strong 1
a: Receive Corpses, Renounce Religion


You were on level 11 of the Dungeon.
You worshipped Kikubaaqudgha.
Kikubaaqudgha was greatly pleased with you.
You were hungry.

You visited 2 branches of the dungeon, and saw 12 of its levels.
You also visited: Ice Cave.

You collected 685 gold pieces.

Inventory:

Hand Weapons
 a - a +4 scimitar of flaming (weapon)
 q - a +5 falchion of freezing
 x - a +2 long sword of holy wrath
 y - a +0 morningstar
 J - a +0 triple sword
Missiles
 D - a throwing net (quivered)
Armour
 h - +0 steam dragon scales (worn)
 A - a +0 pair of boots (worn)
 B - a +2 buckler (worn)
 E - a +0 ring mail
 R - a +0 cloak (worn)
Jewellery
 e - an amulet of guardian spirit (around neck)
 l - the amulet of Qegamm {RegenMP +Fly MR- SInv, unknown}
   (You found it in an ice cave)

   [amulet of magic regeneration]

   It increases your magic regeneration.
   It affects your resistance to hostile enchantments.
   It lets you see invisible.
   It lets you fly.
 p - an uncursed ring of protection from cold {unknown}
 S - a ring of resist corrosion (left hand)
Wands
 G - a wand of polymorph (14/24)
 M - a wand of lightning (12/15)
 T - a wand of acid (8/15)
Scrolls
 i - a scroll of blinking
 j - 5 scrolls of teleportation
 k - a scroll of fear
 n - 2 scrolls of magic mapping
 u - 2 scrolls of remove curse
 w - 5 scrolls of amnesia
 L - 2 scrolls of enchant weapon
 N - 2 scrolls of recharging {unknown}
 O - a scroll of identify
 P - 2 scrolls of enchant armour
Potions
 d - a potion of magic
 f - 2 potions of lignification
 m - 5 potions of curing
 o - 2 potions of resistance
 z - a potion of cancellation
 K - a potion of agility
Books
 b - a book of Necromancy

   Spells                             Type                      Level
   a - Pain                           Necromancy                   1
   b - Animate Skeleton               Necromancy                   1
   c - Vampiric Draining              Necromancy                   3
   d - Regeneration                   Charms/Necromancy            3
   e - Animate Dead                   Necromancy                   4
   f - Control Undead                 Necromancy                   4
 t - a book of Cantrips

   Spells                             Type                      Level
   a - Confusing Touch                Hexes                        1
   b - Animate Skeleton               Necromancy                   1
   c - Summon Small Mammal            Summoning                    1
   d - Apportation                    Translocation                1
 C - Kikubaaqudgha's Guide on Sinister Rites
   (Kikubaaqudgha gifted it to you on level 7 of the Dungeon)

   Spells                             Type                      Level
   a - Animate Skeleton               Necromancy                   1
   b - Corpse Rot                     Necromancy                   2
   c - Sublimation of Blood           Necromancy                   2
   d - Regeneration                   Charms/Necromancy            3
   e - Control Undead                 Necromancy                   4
 Q - Kikubaaqudgha's Incunabulum of Stolen Souls
   (Kikubaaqudgha gifted it to you on level 10 of the Dungeon)

   Spells                             Type                      Level
   a - Excruciating Wounds            Charms/Necromancy            5
   b - Bolt of Draining               Conjuration/Necromancy       5
   c - Cigotuvi's Embrace             Necromancy                   5
   d - Dispel Undead                  Necromancy                   5
   e - Simulacrum                     Ice/Necromancy               6
Miscellaneous
 s - a sack of spiders
Comestibles
 c - 6 bread rations
 g - 2 beef jerkies
 r - 23 fruits
 v - 5 meat rations
 H - 5 slices of pizza


   Skills:
 + Level 6.7 Fighting
 + Level 14.5 Long Blades
 + Level 6.3 Armour
 + Level 6.5 Dodging
 - Level 2.0 Stealth
 - Level 5.9 Shields
 + Level 3.7 Spellcasting
 + Level 7.1 Necromancy


You had 8 spell levels left.
You knew the following spells:

 Your Spells              Type           Power        Failure   Level  Hunger
a - Pain                  Necr           ###.         1%          1    None
d - Vampiric Draining     Necr           ###.......   2%          3    ###....
r - Regeneration          Chrm/Necr      ##........   17%         3    ###....
w - Animate Dead          Necr           N/A          12%         4    ####...


Dungeon Overview and Level Annotations

Branches:
Dungeon (11/15)            Temple (1/1) D:5            Lair (0/6) D:10
    Orc: D:9-12

Altars:
Ashenzari
Cheibriados
Dithmenos
Elyvilon
Fedhas
Gozag
Hepliaklqana
Kikubaaqudgha
Makhleb
Nemelex Xobeh
Okawaru
Qazlal
Ru
Sif Muna
Trog
Uskayaw
Vehumet
Xom
Yredelemnul
Zin
The Shining One

Shops:
D:8 :   D:10 *

Annotations:
D:6 exclusion: orc warrior


Innate Abilities, Weirdness & Mutations

You are partially covered in molten scales. (AC +2)
Scrolls take you a little longer to read.
Your muscles are strong. (Str +2)


Message History

The white ugly thing is heavily wounded.
The orc misses you.
You barely miss the white ugly thing.
The white ugly thing is heavily wounded.
The white ugly thing pecks you.
* * * LOW HITPOINT WARNING * * *
The white ugly thing freezes you!!
* * * LOW MAGIC WARNING * * *;
* * * LOW HITPOINT WARNING * * *
The orc hits you with a flail.
* * * LOW MAGIC WARNING * * *
The white ugly thing closely misses you.
You riposte.
You hit the white ugly thing. You burn the white ugly thing.
The white ugly thing is heavily wounded.
Okay, then.
You feel better. The white ugly thing pecks you.
* * * LOW MAGIC WARNING * * *;
* * * LOW HITPOINT WARNING * * *
The white ugly thing freezes you!!
* * * LOW MAGIC WARNING * * *
You die...
Kikubaaqudgha rasps: "You have failed me!
Welcome... death!"

#......#..#.#
.......≈≈
#...........#
.a....≈≈
....#...#..#
#....≈≈
#..........#
#....≈≈
#.....#.##o##
#....≈≈
##......#.o.##
#...≈≈
###...#....o##
#.a.≈≈
###....#.ou##
##...≈≈
##..###[.@##
#....≈≈ #..##
##...## #.....≈
#..# ##...##
#.....≈ ..#
##...## #.....≈
.#
##...######.....≈
##...##........≈
##...#........≈
##(.<........≈
##..........≈


You could see a white ugly thing and 4 orcs.

Vanquished Creatures
  A frost giant (IceCv)
  Harold (D:10)
  A hydra (D:8)
  Erica (D:8)
  A death yak (IceCv)
  Nergalle (D:10)
  2 hill giants
  Pikel (D:5)
  A manticore (D:11)
  Psyche (D:8)
  A centaur skeleton (D:10)
  A komodo dragon (D:10)
  A hornet (D:9)
  7 polar bears (IceCv)
  A two-headed ogre (D:10)
  2 dream sheep (D:8)
  2 hippogriffs
  A water elemental (D:10)
  A wraith (D:10)
  A wyvern (D:11)
  30 yaks
  2 hungry ghosts
  A steam dragon (D:10)
  A mottled dragon (D:11)
  3 orc warriors
  A phantom (D:7)
  8 ice beasts
  7 ogres
  6 wolves (IceCv)
  2 centaurs (D:9)
  2 crocodiles
  4 big kobolds
  3 bullfrogs
  A water moccasin zombie (D:7)
  A wyvern zombie (D:7)
  3 scorpions
  8 killer bees
  A vampire bat (D:8)
  2 crimson imps
  2 quasits (D:6)
  3 orc priests
  3 hounds
  3 jellies
  2 centaur zombies (D:6)
  6 orc wizards
  A bullfrog skeleton (D:11)
  3 iguanas
  6 worker ants
  A hound zombie (D:7)
  A howler monkey zombie (D:5)
  2 gnolls (D:10)
  15 adders
  3 shadow imps
  2 adder zombies
  2 worms (D:2)
  2 dart slugs
  7 leopard geckos
  36 orcs
  7 giant cockroaches
  3 goblins
  7 hobgoblins
  7 jackals
  8 quokkas
  A ball python (D:3)
  15 bats
  3 frilled lizards
  11 kobolds
  A leopard gecko skeleton (D:6)
  15 rats
293 creatures vanquished.

Vanquished Creatures (collateral kills)
  An ice statue (IceCv)
  2 polar bears (IceCv)
  5 wolves (IceCv)
8 creatures vanquished.

Vanquished Creatures (others)
  A rime drake (IceCv)
  3 polar bears (IceCv)
  Sigmund (D:5)
  A slave (D:5)
  An orc wizard (D:5)
  A worker ant (D:5)
  A gnoll (D:10)
  A kobold (D:10)
  3 fungi (D:10)
13 creatures vanquished.

Grand Total: 314 creatures vanquished

Notes
Turn   | Place    | Note
-------+----------+-------------------------------------------
     0 | D:1      | vev the Human Necromancer began the quest for the Orb.
     0 | D:1      | Reached XP level 1. HP: 13/13 MP: 3/3
   160 | D:1      | Reached skill level 1 in Fighting
   498 | D:1      | Reached XP level 2. HP: 19/21 MP: 1/5
   958 | D:1      | Reached skill level 2 in Fighting
  1295 | D:1      | Reached XP level 3. HP: 28/28 MP: 6/6
  2061 | D:2      | Found a faded altar of an unknown god.
  2224 | D:2      | Reached skill level 1 in Long Blades
  2330 | D:2      | Reached XP level 4. HP: 15/34 MP: 7/7
  2833 | D:3      | Reached skill level 2 in Long Blades
  3263 | D:3      | Noticed a bullfrog
  3269 | D:3      | Killed a bullfrog
  3269 | D:3      | Reached skill level 3 in Long Blades
  3269 | D:3      | Reached XP level 5. HP: 34/39 MP: 8/8
  3311 | D:3      | Reached skill level 4 in Long Blades
  3491 | D:3      | Reached XP level 6. HP: 35/46 MP: 9/9
  3788 | D:4      | Reached skill level 5 in Long Blades
  3999 | D:4      | Noticed an ogre
  4008 | D:4      | Killed an ogre
  4008 | D:4      | Reached XP level 7. HP: 31/51 MP: 7/10
  4451 | D:4      | Reached skill level 6 in Long Blades
  4544 | D:5      | Entered Level 5 of the Dungeon
  4697 | D:5      | Noticed Sigmund
  4931 | D:5      | Learned a level 3 spell: Vampiric Draining
  4935 | D:5      | Learned a level 3 spell: Regeneration
  5153 | D:5      | Reached skill level 7 in Long Blades
  5241 | D:5      | Reached XP level 8. HP: 25/57 MP: 11/11
  5429 | D:5      | Found a staircase to the Ecumenical Temple.
  5473 | Temple   | Entered the Ecumenical Temple
  5644 | Temple   | Became a worshipper of Kikubaaqudgha
  5690 | D:5      | Noticed Pikel
  5692 | D:5      | Reached skill level 8 in Long Blades
  5701 | D:5      | Gained mutation: Your muscles are strong. (Str +2) [potion of mutation]
  5701 | D:5      | Gained mutation: You are partially covered in molten scales. (AC +2) [potion of mutation]
  5701 | D:5      | Gained mutation: Scrolls take you a little longer to read. [potion of mutation]
  5718 | D:5      | Killed Pikel
  5718 | D:5      | Reached skill level 9 in Long Blades
  5741 | D:5      | Killed Sigmund
  6704 | D:6      | Reached XP level 9. HP: 62/62 MP: 12/12
  6820 | D:6      | Reached skill level 10 in Long Blades
  7304 | D:7      | Reached * piety under Kikubaaqudgha
  7304 | D:7      | Identified Kikubaaqudgha's Guide on Sinister Rites (Kikubaaqudgha gifted it to you on level 7 of the Dungeon)
  7304 | D:7      | Received a gift from Kikubaaqudgha
  7312 | D:7      | Reached skill level 11 in Long Blades
  7630 | D:7      | Found a snail-covered altar of Cheibriados.
  7759 | D:7      | Found a white marble altar of Elyvilon.
  8330 | D:7      | Found a hide-covered altar of Uskayaw.
  8461 | D:8      | Found Ukeun's Book Shop.
  8461 | D:8      | Noticed a hippogriff
  8468 | D:8      | Killed a hippogriff
  8468 | D:8      | Reached skill level 12 in Long Blades
  8587 | D:8      | Reached XP level 10. HP: 32/68 MP: 9/13
  8813 | D:8      | Noticed Psyche
  8838 | D:8      | Killed Psyche
  9260 | D:8      | Noticed Erica
  9285 | D:8      | Killed Erica
  9285 | D:8      | Reached skill level 13 in Long Blades
  9363 | D:8      | Reached skill level 1 in Shields
  9371 | D:8      | Reached ** piety under Kikubaaqudgha
  9515 | D:8      | Reached skill level 2 in Shields
  9567 | D:8      | Reached skill level 3 in Shields
  9690 | D:8      | Reached skill level 4 in Shields
  9711 | D:8      | Noticed a three-headed hydra
  9726 | D:8      | Killed a one-headed hydra
  9726 | D:8      | Reached skill level 5 in Shields
  9726 | D:8      | Reached XP level 11. HP: 67/74 MP: 14/14
 10227 | D:9      | Found a basalt altar of Yredelemnul.
 10291 | D:9      | Reached skill level 3 in Fighting
 10303 | D:9      | Reached skill level 1 in Armour
 10647 | D:9      | Noticed a hill giant
 10653 | D:9      | Killed a hill giant
 10657 | D:9      | Reached skill level 2 in Armour
 10657 | D:9      | Reached skill level 3 in Dodging
 10897 | D:10     | Entered Level 10 of the Dungeon
 10948 | D:10     | Found Deyrotwa's Demolitions Depot.
 11305 | D:10     | Reached skill level 4 in Fighting
 11366 | D:10     | Reached skill level 5 in Necromancy
 11379 | D:10     | Reached skill level 3 in Armour
 11437 | D:10     | Noticed Nergalle
 11466 | D:10     | Killed Nergalle
 11560 | D:10     | Found a staircase to the Lair.
 11594 | D:10     | Reached skill level 4 in Dodging
 11659 | D:10     | Reached *** piety under Kikubaaqudgha
 11659 | D:10     | Identified Kikubaaqudgha's Incunabulum of Stolen Souls (Kikubaaqudgha gifted it to you on level 10 of the Dungeon)
 11659 | D:10     | Received a gift from Kikubaaqudgha
 11665 | D:10     | HP: 6/78 [orc priest/divine providence (10)]
 11665 | D:10     | HP: 1/78 [orc/flail (5)]
 12257 | D:10     | Reached skill level 14 in Long Blades
 12417 | D:11     | Noticed a hill giant
 12424 | D:11     | Noticed a purple ugly thing
 12432 | D:11     | Killed a hill giant
 12432 | D:11     | Reached skill level 5 in Fighting
 12515 | D:11     | Noticed Harold
 12533 | D:10     | Killed Harold
 12533 | D:10     | Reached skill level 4 in Armour
 12533 | D:10     | Reached XP level 12. HP: 77/86 MP: 8/15
 12667 | D:10     | Reached skill level 6 in Necromancy
 12797 | D:11     | Reached skill level 5 in Dodging
 12858 | D:11     | Found a frozen archway.
 12865 | IceCv    | Entered an ice cave
 13093 | IceCv    | Learned a level 4 spell: Animate Dead
 13410 | IceCv    | Reached skill level 5 in Armour
 13609 | IceCv    | Reached skill level 6 in Fighting
 13707 | IceCv    | Reached **** piety under Kikubaaqudgha
 13839 | IceCv    | Reached skill level 3 in Spellcasting
 13850 | IceCv    | Reached skill level 6 in Dodging
 14027 | IceCv    | Noticed a frost giant
 14027 | IceCv    | Noticed a death yak
 14072 | IceCv    | Killed a death yak
 14083 | IceCv    | HP: 4/133 [frost giant/battleaxe of freezing (11)]
 14085 | IceCv    | Killed a frost giant
 14085 | IceCv    | Reached skill level 6 in Armour
 14085 | IceCv    | Reached skill level 7 in Necromancy
 14085 | IceCv    | Reached XP level 13. HP: 4/95 MP: 1/18
 14332 | IceCv    | Got a wavering platinum amulet
 14475 | IceCv    | HP: 9/95 [something (16)]
 15089 | D:11     | Demolished by a white ugly thing

Skill      XL: |  1  2  3  4  5  6  7  8  9 10 11 12 |
---------------+-------------------------------------+-----
Fighting       | 1 2 5 6 |  6.7
Long Blades    | 1 3 4 5 7 9 12 13 14 | 14.5
Shields        | 5 |  5.9
Armour         | 4 6 |  6.3
Dodging        | 4 6 |  6.5
Necromancy     | 5 7 |  7.1
Spellcasting   | 3 |  3.7
Stealth        | |  2.0

Action                   |  1- 3 |  4- 6 |  7- 9 | 10-12 | 13-15 || total
-------------------------+-------+-------+-------+-------+-------++-------
Melee: Dagger            |    40 |       |       |       |       ||    40
       Falchion          |    23 |    81 |   271 |    40 |       ||   415
       Long sword        |       |       |    21 |     9 |       ||    30
       Scimitar          |       |       |       |   561 |    38 ||   599
 Cast: Pain              |    37 |     2 |     5 |    19 |       ||    63
       Vampiric Draining |       |       |     3 |     6 |       ||     9
       Regeneration      |       |       |       |    18 |     8 ||    26
       Animate Dead      |       |       |       |     6 |       ||     6
Invok: Receive Corpses   |       |       |       |     1 |       ||     1
  Use: Scroll            |       |       |    13 |     9 |     2 ||    24
       Potion            |       |       |     3 |    11 |     2 ||    16
 Stab: Sleeping          |     3 |     1 |       |     1 |       ||     5
       Distracted        |       |       |     1 |     2 |       ||     3
  Eat: Chunk             |     5 |     5 |    14 |    23 |       ||    47
       Royal jelly       |       |       |     1 |       |     1 ||     2
       Pizza             |       |       |       |     2 |     2 ||     4
Armor: Robe              |     6 |       |       |       |       ||     6
       Ring mail         |    17 |    28 |    91 |    63 |       ||   199
       Skin              |       |       |       |    13 |       ||    13
       Steam dragon scal |       |       |       |    63 |    12 ||    75
Dodge: Dodged            |    40 |    53 |   149 |   253 |    16 ||   511
Block: Buckler           |       |       |       |   121 |    13 ||   134
       Rpst.: Falchion   |     2 |    13 |    40 |     3 |       ||    58
       Long sword        |       |       |     3 |     1 |       ||     4
       Scimitar          |       |       |       |    58 |     2 ||    60
